Map: Deathaura LE

Players

A.I. 1 (Elite)

  • Race: Protoss Protoss

joan - Winner!

  • Race: Protoss Protoss

VOD

Have the link to the VOD?

Description

Time

  • Played on: May 19, 2021, 1:30 a.m.
  • Length: 13:12
Show
View Real Time Build Order
Export as new Build Order

A.I. 1 (Elite) Protoss 

Build Orders: Archon Immortal, Colossus Rush 

Get SALT Encoding   

  12  0:00  Probe  
  13  0:13  Probe  
  14  0:20  Pylon  
  14  0:25  Probe  
  15  0:34  Probe  
  15  0:42  Probe  
  16  0:47  Assimilator  
  17  0:50  Gateway  
  17  0:52  Probe  
  18  1:00  Pylon, Probe  
  19  1:08  Probe  
  20  1:18  Probe  
  21  1:37  Gateway  
  21  1:38  Zealot, Probe  
  24  1:40  Cybernetics Core  
  24  1:49  Pylon  
  24  1:50  Probe  
  25  1:57  Zealot  
  25  2:02  Probe  
  28  2:11  Assimilator  
  28  2:14  Probe  
  29  2:19  Warp Gate  
  29  2:23  Adept  
  29  2:25  Adept  
  29  2:26  Probe  
  34  2:35  Pylon  
  34  2:38  Probe  
  35  2:50  Sentry  
  35  2:51  Probe  
  36  2:55  Adept  
  40  3:03  Probe  
  41  3:15  Nexus, Probe  
  41  3:19  Stalker  
  44  3:27  Probe  
  45  3:39  Probe, Robotics Facility  
  46  3:51  Probe  
  46  3:52  Pylon  
  47  4:08  Probe  
  47  4:10  Adept  
  47  4:16  Probe  
  50  4:17  Adept  
  53  4:25  Probe  
  53  4:27  Probe  
  53  4:31  Adept  
  57  4:37  Probe  
  58  4:39  Probe  
  58  4:40  Robotics Bay  
  58  4:42  Observer  
  60  4:49  Probe  
  60  4:50  Robotics Facility  
  60  4:51  Probe  
  62  4:56  Pylon  
  62  4:57  Stalker  
  64  5:01  Probe  
  64  5:02  Stalker  
  64  5:03  Probe  
  68  5:09  Pylon  
  68  5:13  Probe  
  69  5:15  Probe  
  69  5:19  Colossus  
  70  5:31  Gateway  
  76  5:39  Zealot  
  76  5:40  Pylon  
  78  5:45  Stalker, Probe x2  
  78  5:47  Assimilator  
  82  5:52  Pylon  
  82  5:56  Pylon  
  82  5:59  Stalker  
  84  6:09  Probe x2  
  86  6:17  Assimilator  
  86  6:18  Zealot  
  88  6:20  Twilight Council  
  88  6:22  Zealot  
  90  6:28  Nexus  
  90  6:39  Probe x2  
  92  6:51  Probe  
  93  7:04  Stalker  
  93  7:06  Pylon  
  95  7:08  Stalker  
  95  7:13  Stalker  
  99  7:25  Pylon  
  99  7:27  Forge, Sentry  
  99  7:28  Pylon  
  101  7:33  Stalker  
  101  7:35  Pylon  
  101  7:36  Stalker  
  105  7:40  Probe, Immortal  
  105  7:41  Probe  
  105  7:43  Probe  
  112  7:48  Protoss Ground Weapons Level 1  
  112  7:50  Stalker  
  114  7:53  Pylon, Probe x2  
  114  7:55  Probe  
  114  7:57  Templar Archives  
  117  8:00  Assimilator  
  117  8:02  Pylon  
  117  8:03  Assimilator  
  117  8:05  Gateway, Probe x2  
  119  8:07  Probe, Photon Cannon  
  119  8:09  Forge, Stalker, Immortal  
  122  8:17  Blink, Probe x2  
  122  8:19  Probe  
  129  8:28  Sentry, Photon Cannon  
  129  8:29  Probe x2  
  129  8:31  Colossus, Probe  
  129  8:32  Photon Cannon  
  134  8:34  High Templar  
  134  8:35  High Templar  
  139  8:41  Probe  
  139  8:42  Probe  
  139  8:43  Probe, Photon Cannon  
  139  8:45  Photon Cannon  
  139  8:48  Archon  
  141  8:50  Photon Cannon  
  141  8:51  High Templar  
  143  8:59  High Templar  
  143  9:02  Immortal  
  149  9:08  Immortal  
  153  9:11  Stalker  
  153  9:14  Archon  
  155  9:17  Pylon  
  155  9:20  Zealot  
  155  9:23  High Templar, Photon Cannon  
  159  9:25  Pylon  
  151  9:31  Nexus  
  151  9:32  Zealot  
  151  9:34  High Templar  
  141  9:40  Zealot  
  123  9:50  Stalker  
  115  9:55  Sentry, Zealot  
  93  10:05  Sentry  
  93  10:06  Zealot  
  77  10:10  Zealot  
  77  10:13  Immortal  
  73  10:18  High Templar  
  76  10:23  Probe x3  
  76  10:26  Adept  
  53  10:30  Sentry  
  53  10:31  Probe  
  40  10:35  Probe x2  
  40  10:39  Probe  
  40  10:42  Pylon  
  30  10:45  Probe  
  30  10:46  Zealot  
  30  10:47  Templar Archives  
  30  10:48  Probe  
  23  10:50  Adept  
  23  10:51  Zealot  
  23  10:52  Twilight Council  
  17  11:05  Stalker  
  8  11:52  Probe  
  8  12:00  Probe  
  3  12:10  Probe  
  4  12:22  Probe  
  5  12:34  Probe  
Show
View Real Time Build Order
Export as new Build Order

joan Protoss - Winner!

Build Orders: 1 Gate Expand, Archon Immortal 

Get SALT Encoding   

  12  0:00  Probe  
  13  0:12  Probe  
  14  0:17  Pylon  
  14  0:24  Probe (Chrono Boost)  
  16  0:36  Gateway, Probe (Chrono Boost)  
  16  0:42  Probe (Chrono Boost)  
  16  0:45  Assimilator  
  17  0:51  Probe  
  18  1:03  Probe  
  19  1:15  Probe  
  20  1:20  Nexus  
  20  1:30  Cybernetics Core  
  20  1:34  Probe  
  21  1:41  Assimilator  
  21  1:45  Pylon  
  21  1:48  Probe  
  22  2:00  Probe  
  23  2:06  Warp Gate, Stalker  
  25  2:12  Probe  
  25  2:15  Gateway  
  26  2:25  Robotics Facility  
  26  2:27  Probe  
  27  2:43  Probe (Chrono Boost)  
  29  2:47  Probe (Chrono Boost)  
  29  2:53  Stalker  
  29  2:54  Probe (Chrono Boost)  
  33  2:58  Probe (Chrono Boost)  
  33  2:59  Probe (Chrono Boost)  
  33  3:01  Stalker  
  36  3:07  Probe  
  36  3:09  Probe  
  38  3:13  Pylon, Observer  
  40  3:20  Probe  
  40  3:21  Probe  
  41  3:29  Pylon  
  41  3:32  Probe  
  42  3:35  Observer  
  42  3:37  Probe  
  44  3:43  Nexus  
  44  3:44  Probe  
  44  3:47  Pylon  
  45  3:50  Probe  
  46  3:56  Assimilator  
  46  3:57  Probe  
  46  3:59  Assimilator  
  46  4:02  Sentry, Probe  
  50  4:03  Sentry  
  52  4:11  Immortal  
  52  4:13  Probe  
  52  4:14  Probe  
  58  4:25  Probe  
  58  4:27  Stalker  
  58  4:28  Stalker  
  58  4:29  Probe  
  64  4:37  Probe  
  65  4:44  Probe  
  66  4:50  Pylon  
  66  4:51  Probe (Chrono Boost)  
  67  4:53  Pylon  
  67  4:54  Forge  
  67  4:56  Twilight Council, Pylon  
  67  4:57  Probe (Chrono Boost)  
  69  5:00  Probe (Chrono Boost)  
  71  5:07  Probe x2 (Chrono Boost)  
  71  5:10  Immortal  
  71  5:11  Probe (Chrono Boost)  
  76  5:15  Forge  
  76  5:21  Probe x3  
  79  5:27  Protoss Ground Weapons Level 1 (Chrono Boost)  
  79  5:33  Probe x2  
  81  5:37  Charge  
  81  5:40  Templar Archives  
  81  5:41  Nexus  
  81  5:43  Protoss Shields Level 1 (Chrono Boost)  
  81  5:44  Zealot x2  
  85  5:54  Probe x2  
  85  5:55  Probe  
  88  6:03  Immortal  
  92  6:06  Probe  
  92  6:07  Probe  
  92  6:08  Probe  
  92  6:10  Zealot  
  97  6:14  Zealot  
  99  6:19  Probe x2  
  99  6:20  Probe  
  102  6:26  Assimilator  
  102  6:28  Pylon  
  102  6:29  Assimilator  
  102  6:30  High Templar  
  102  6:31  Pylon, Probe x2  
  102  6:32  Probe  
  107  6:35  Pylon  
  107  6:39  Pylon  
  107  6:43  Gateway  
  107  6:47  High Templar, Immortal (Chrono Boost)  
  109  6:48  Gateway  
  109  6:49  Gateway  
  113  7:05  High Templar  
  115  7:09  Protoss Ground Weapons Level 2 (Chrono Boost)  
  115  7:15  Probe x4  
  119  7:21  Immortal (Chrono Boost)  
  119  7:26  High Templar  
  119  7:27  Probe x4  
  119  7:29  Archon x2  
  129  7:34  Protoss Shields Level 2 (Chrono Boost)  
  129  7:37  Gateway  
  129  7:39  Gateway, Probe  
  129  7:41  Gateway  
  129  7:43  High Templar  
  129  7:44  High Templar  
  134  7:45  Gateway  
  134  7:46  Gateway  
  134  7:50  Immortal (Chrono Boost)  
  134  7:52  Zealot  
  134  7:53  Zealot  
  134  7:54  Gateway  
  134  7:56  Gateway  
  134  7:57  Probe x4  
  146  8:00  Gateway  
  146  8:02  Assimilator, Gateway  
  146  8:05  Assimilator  
  146  8:07  High Templar  
  146  8:09  Probe x2  
  150  8:13  Zealot  
  150  8:14  Zealot  
  150  8:16  Zealot  
  156  8:25  Pylon  
  156  8:27  Pylon  
  156  8:29  Pylon  
  156  8:32  Pylon  
  156  8:34  Pylon  
  156  8:36  Pylon  
  156  8:38  Pylon  
  156  8:39  Pylon  
  156  8:40  Pylon  
  156  8:43  Warp Prism (Chrono Boost)  
  156  8:46  Gateway  
  156  8:47  High Templar x2  
  156  8:48  Gateway, High Templar x2  
  164  8:49  High Templar  
  164  8:50  Zealot x3, Gateway  
  164  8:51  Zealot x3  
  180  9:00  Archon x3  
  180  9:01  Archon  
  180  9:03  Zealot  
  180  9:04  Zealot x2  
  186  9:13  Zealot x6  
  140  9:57  Zealot x13  
  140  9:58  Zealot x4  
  162  10:05  Nexus  
  158  10:08  Pylon, Gateway  
  158  10:09  Gateway  
  158  10:10  Pylon  
  158  10:11  Gateway  
  158  10:12  Immortal  
  158  10:13  Assimilator  
  160  10:15  Robotics Facility  
  160  10:17  Assimilator  
  160  10:19  High Templar  
  160  10:20  High Templar x8  
  160  10:21  High Templar  
  178  10:22  High Templar  
  178  10:23  High Templar  
  178  10:24  High Templar  
  178  10:25  Archon x2  
  178  10:26  Archon x2  
  178  10:27  Archon  
  184  10:30  High Templar  
  184  10:39  Archon x2  
  178  10:47  Zealot  
  178  10:48  Zealot x2  
  184  11:04  Gateway  
  184  11:05  Gateway  
  184  11:07  Gateway  
  184  11:09  Photon Cannon  
  184  11:12  Photon Cannon x2  
  184  11:13  Shield Battery  
  184  11:15  Photon Cannon  
  184  11:17  Photon Cannon  
  184  11:18  Photon Cannon  
  184  11:20  Pylon  
  184  11:21  Shield Battery  
  184  11:22  Pylon  
  184  11:25  Photon Cannon  
  184  11:27  Photon Cannon  
  184  11:29  Photon Cannon  
  184  11:32  Photon Cannon  
  184  11:33  Shield Battery  
  184  11:35  Photon Cannon  
  184  11:39  Photon Cannon  
  184  11:42  Pylon, Photon Cannon  
  184  11:46  Photon Cannon  
  184  11:50  Zealot, Photon Cannon  
  184  11:51  Zealot x7  
  184  11:52  Shield Battery  
  200  12:53  Nexus  
  200  12:57  Unknown  
  200  13:01  Unknown  
  200  13:02  Pylon  
  200  13:06  Pylon  
  200  13:09  Pylon  
Tags
 
Add a new tag
Caveats
  • Supply blocks, unpowered buildings, or Contaminate may cause inaccurate times.
  • Supply counts are checked every 10 seconds.